 Dungeon Crawl Stone Soup version 0.19.5 (webtiles) character file.

98 tidbits the Nimble (level 4, -4/39 HPs)
             Began as a High Elf Skald on Nov 14, 2017.
             Killed from afar by an orc wizard (6 damage)
             ... with a magic dart
             ... on level 4 of the Dungeon.
             The game lasted 00:05:05 (722 turns).

tidbits the Nimble (High Elf Skald)                  Turns: 722, Time: 00:05:06

Health: -4/39      AC:  3    Str: 15    XL:     4   Next: 44%
Magic:  2/8        EV: 16    Int: 16    God:
Gold:   97         SH:  0    Dex: 14    Spells: 3 memorised, 3 levels left

rFire  . . .     SeeInvis .     a - +0 falchion
rCold  . . .     Gourm    .     b - +0 leather armour
rNeg   . . .     Faith    .     (no shield)
rPois  .         Spirit   .     (no helmet)
rElec  .         Reflect  .     (no cloak)
rCorr  .         Harm     .     (no gloves)
MR     .....                    (no boots)
Stlth  +.........               (no amulet)
                                (no ring)
                                q - +3 ring of strength

@: infused
A: no striking features
a: no special abilities


You were on level 4 of the Dungeon.
You were not hungry.

You visited 1 branch of the dungeon, and saw 4 of its levels.

You collected 97 gold pieces.

Inventory:

Hand Weapons
 a - a +0 falchion (weapon)
 g - a +0 hunting sling
   (You found it on level 1 of the Dungeon)
 p - a +0 dagger
   (You took it off a goblin on level 3 of the Dungeon)
Missiles
 f - 27 sling bullets
Armour
 b - a +0 leather armour (worn)
Jewellery
 q - a +3 ring of strength (left hand)
   (You took it off a hobgoblin on level 4 of the Dungeon)
Scrolls
 e - 2 scrolls of remove curse {unknown}
 i - 2 scrolls of teleportation {unknown}
 k - a scroll of noise {unknown}
 l - 2 scrolls of blinking {unknown}
 m - 2 scrolls of fog {unknown}
 n - a scroll of random uselessness {unknown}
 o - a scroll of identify {unknown}
Books
 c - a book of Battle

   Spells                             Type                      Level
   a - Infusion                       Charms                       1
   b - Shroud of Golubria             Charms/Translocation         2
   c - Song of Slaying                Charms                       2
   d - Spectral Weapon                Hexes/Charms                 3
   e - Regeneration                   Charms/Necromancy            3
Comestibles
 d - 2 bread rations
 h - a meat ration


   Skills:
 - Level 7.7 Fighting
 + Level 4.6 Long Blades
 - Level 0.8 Armour
 - Level 8.1 Dodging
 - Level 2.5 Spellcasting
 - Level 3.6 Charms


You had 3 spell levels left.
You knew the following spells:

 Your Spells              Type           Power        Failure   Level  Hunger
g - Shroud of Golubria    Chrm/Tloc      #.........   21%         2    ##.....
i - Infusion              Chrm           ##..         8%          1    #......
y - Song of Slaying       Chrm           ##......     10%         2    ##.....


Dungeon Overview and Level Annotations

Branches:
Dungeon (4/15)
 Temple: D:4-7

Altars:

Annotations:
D:4 exclusion: scorpion


Message History

Press: ? - help, . - travel You can't see that place. [the floor.] Placed new exclusion.
Reduced exclusion size to a single square.
Removed exclusion.
Placed new exclusion.
Really walk into a travel-excluded area?
q - an iron ring;
r - a lumpy emerald potion You now have 83 gold pieces (gained 8).
You see here a hobgoblin corpse.
There are no objects that can be picked up here. a hobgoblin corpse Put on which piece of jewellery? (? for menu, Esc to quit)
You feel stronger.
q - a +3 ring of strength (left hand)
Press: ? - help, . - travel You can't see that place. [the floor.] Placed new exclusion.
Found 14 gold pieces.
Found a scroll labeled PERASO VIUKA.
A quokka comes into view.
Your magical infusion is running out.
You see here a scroll labeled PERASO VIUKA.
i - 2 scrolls labeled PERASO VIUKA (gained 1)
You hit the quokka.
The quokka is heavily wounded.
The quokka misses you.
You hit the quokka.
You kill the quokka!
You are no longer magically infusing your attacks.
You now have 97 gold pieces (gained 14).
Found a scroll labeled NUD PYSTRIHIR and an embroidered robe.
Found 9 poisoned needles and 13 gold pieces.
An orc comes into view. It is wielding a morningstar.
The orc shouts!
An orc wizard comes into view. It is wielding a dagger.
An orc comes into view. It is wielding a hand axe.
The orc wizard shouts!
An orc comes into view. It is wielding a short sword.
Casting: Infusion
Confirm with . or Enter, or press ? or * to list all spells.
You begin infusing your attacks with magical energy.
The orc barely misses you.
You slash the orc!
You kill the orc!
Your magical infusion is running out.
The orc wizard casts a spell at you. The magic dart hits you!
The orc wizard hits you with a dagger.
You hit the orc wizard.
The orc wizard is moderately wounded.
The orc wizard hits you with a dagger.
You miss the orc wizard.
The orc wizard is moderately wounded.
The orc wizard barely misses you.
You barely miss the orc wizard.
The orc wizard is moderately wounded.
The orc wizard casts a spell at you. You resist with some effort.
You barely miss the orc wizard.
The orc wizard is moderately wounded.
The orc wizard barely misses you.
You hit the orc wizard.
The orc wizard is severely wounded.
You are no longer magically infusing your attacks.
The orc wizard hits you but does no damage.
The orc wizard hits you with a dagger.
You hit the orc wizard but do no damage.
The orc wizard is severely wounded.
The orc wizard barely misses you.
You completely miss the orc wizard.
The orc wizard is severely wounded.
The orc wizard gestures at you while chanting.
The puff of flame hits you!
* * * LOW HITPOINT WARNING * * *
Casting: Infusion
Confirm with . or Enter, or press ? or * to list all spells.
You begin infusing your attacks with magical energy.
The orc wizard hits you with a dagger.
* * * LOW HITPOINT WARNING * * *
You barely miss the orc wizard.
The orc wizard is severely wounded.
The orc wizard closely misses you.
You riposte.
You hit the orc wizard.
The orc wizard is severely wounded.
It was a potion of cure mutation.
It has a very clean taste.
The orc wizard hits you with a dagger.
* * * LOW HITPOINT WARNING * * *
It was a potion of experience.
You feel more experienced!
Your Fighting skill gained 5 levels and is now at level 7!
Your Dodging skill gained 7 levels and is now at level 8!
You have reached level 4!
The orc wizard closely misses you.
You hit the orc wizard.
The orc wizard is almost dead.
The orc wizard casts a spell at you. The magic dart hits you!
You die...

..#.............# ..#
..>#............# ##..#
....#..........# #..#
..............## ##.#
.......#####...# ##..#
...............###...##
###...................#######.
##.....####....o............
##..#### ###.@##.......(o..
.##..## #..###.......o..
.....# #..# ##......o.. .....#
#...# ##?[...... ....## #.....
##....... ..... .......
....... ...... .........
..$.... ....... .##.......
....... ......## #........
.......


You could see an orc wizard.

Vanquished Creatures
  2 adders (D:3)
  A worm (D:3)
  A leopard gecko (D:1)
  An orc (D:4)
  4 goblins
  4 hobgoblins
  A kobold (D:3)
  A quokka (D:4)
  4 bats
  A frilled lizard (D:1)
  3 rats
23 creatures vanquished.

Notes
Turn   | Place    | Note
-------+----------+-------------------------------------------
     0 | D:1      | tidbits the High Elf Skald began the quest for the Orb.
     0 | D:1      | Reached XP level 1. HP: 14/14 MP: 4/4
   248 | D:1      | Reached skill level 3 in Long Blades
   250 | D:1      | Reached XP level 2. HP: 15/19 MP: 0/6
   254 | D:1      | Learned a level 2 spell: Song of Slaying
   257 | D:1      | Learned a level 2 spell: Shroud of Golubria
   468 | D:3      | Reached skill level 4 in Long Blades
   468 | D:3      | Reached XP level 3. HP: 20/24 MP: 1/7
   647 | D:4      | Noticed a scorpion
   720 | D:4      | HP: 1/24 [orc wizard/dagger (3)]
   721 | D:4      | Reached skill level 7 in Fighting
   721 | D:4      | Reached skill level 8 in Dodging
   721 | D:4      | Reached XP level 4. HP: 2/39 MP: 2/8
   722 | D:4      | Killed from afar by an orc wizard

Skill      XL: |  1  2  3 |
---------------+----------+-----
Long Blades    | 3 4 |  4.6
Fighting       | 7 |  7.7
Dodging        | 8 |  8.1
Armour         | |  0.8
Spellcasting   | |  2.5
Charms         | |  3.6

Action                   |  1- 3 |  4- 6 || total
-------------------------+-------+-------++-------
Melee: Falchion          |    50 |     1 ||    51
 Cast: Infusion          |    16 |       ||    16
       Shroud of Golubri |     1 |       ||     1
  Use: Potion            |     2 |       ||     2
Armor: Leather armour    |     8 |       ||     8
Dodge: Dodged            |    30 |     1 ||    31
       Rpst.: Falchion   |    11 |       ||    11

Table legend:
 A = Turns spent in this place as a percentage of turns spent in the entire game.
 B = Non-inter-level travel turns spent in this place as a percentage of non-inter-level travel turns spent in the entire game.
 C = Inter-level travel turns spent in this place as a percentage of turns spent in this place.
 D = Turns resting spent in this place as a percentage of non-inter-level travel turns spent in this place.
 E = Turns spent auto-exploring this place as a percentage of non-inter-level travel turns spent in this place.
 F = Non-inter-level travel turns spent in this place divided by the number of levels of this place that you've seen.
                   A       B       C       D       E      F
               +-------+-------+-------+-------+-------+----------------------
         Total | 100.0 | 100.0 |   0.1 |   0.0 |   0.0 | 168.8
       Dungeon | 100.0 | 100.0 |   0.1 |   0.0 |   0.0 | 168.8
               +-------+-------+-------+-------+-------+----------------------

Table legend:
 A = Kills in this place as a percentage of kills in entire the game.
 B = Kills by you in this place as a percentage of kills by you in the entire game.
 C = Kills by friends in this place as a percentage of kills by friends in the entire game.
 D = Other kills in this place as a percentage of other kills in the entire game.
 E = Experience gained in this place as a percentage of experience gained in the entire game.
 F = Experience gained in this place divided by the number of levels of this place that you have seen.
                   A       B       C       D       E      F
               +-------+-------+-------+-------+-------+----------------------
         Total | 100.0 | 100.0 |  -nan |  -nan | 100.0 |  16.5
       Dungeon | 100.0 | 100.0 |  -nan |  -nan | 100.0 |  16.5
               +-------+-------+-------+-------+-------+----------------------

Vault maps used:
D:1:      co_arrival_square_in_a_square_in_a_square, st_stairs_13
D:2:      cheibriados_altar_1, uniq_sigmund
D:3:      first_bread, uniq_crazy_yiuf_cottage
D:4:      serial_shops, nicolae_shop_overgrown_old_shop, uniq_duvessa
